 Dungeon Crawl Stone Soup version 0.25.1-2-g60ff931df9 (webtiles) character file.

Game seed: 8648264877686477787

6618 zhorgal the Severer (level 10, -7/94 HPs)
             Began as a Minotaur Berserker on Sept 25, 2020.
             Was an Elder of Trog.
             Mangled by a two-headed ogre
             ... wielding a +0 dire flail
              (11 damage)
             ... on level 9 of the Dungeon.
             The game lasted 00:29:45 (9956 turns).

zhorgal the Severer (Minotaur Berserker)            Turns: 9956, Time: 00:29:46

Health: -7/94      AC: 14    Str: 24    XL:     10   Next: 72%
Magic:  9/9        EV:  7    Int:  4    God:    Trog [****..]
Gold:   405        SH:  0    Dex: 11    Spells: 9/9 levels left

rFire    . . .     SeeInvis .   a - +0 hand axe
rCold    . . .     Gourm    .   (no shield)
rNeg     . . .     Faith    .   f - +0 plate armour
rPois    .         Spirit   .   (helmet restricted)
rElec    .         Reflect  .   O - +0 cloak
rCorr    .         Harm     .   n - +0 pair of gloves
MR       .....                  P - +0 pair of boots
Stlth    ..........             (no amulet)
HPRegen  0.25/turn              (no ring)
MPRegen  0.11/turn              (no ring)

@: no status effects
A: retaliatory headbutt, horns 2
a: Berserk, Trog's Hand, Brothers in Arms, Renounce Religion


You were on level 9 of the Dungeon.
You worshipped Trog.
Trog was greatly pleased with you.
You were not hungry.

You visited 1 branch of the dungeon, and saw 9 of its levels.

You collected 405 gold pieces.

Inventory:

Hand Weapons
 a - a +0 hand axe (weapon)
 e - a cursed +0 hunting sling
 i - a +0 dagger
 r - a +0 hand crossbow
 J - a +2 vorpal shortbow
Missiles
 d - 114 bolts
 h - 241 stones (quivered)
 o - 65 sling bullets
 w - 49 poisoned darts
 F - 110 arrows
Armour
 f - a +0 plate armour (worn)
 n - a +0 pair of gloves (worn)
 N - cursed +0 steam dragon scales
 O - a +0 cloak (worn)
 P - a +0 pair of boots (worn)
Jewellery
 g - a cursed amulet of inaccuracy {unknown}
 v - an uncursed ring of positive energy {unknown}
 z - a +6 ring of intelligence {unknown}
 S - a +4 ring of slaying {unknown}
Wands
 p - a wand of polymorph (4)
 A - a wand of iceblast (8)
Scrolls
 j - a scroll of fog {unknown}
 u - a scroll of enchant weapon {unknown}
 y - a scroll of amnesia {unknown}
 B - 3 scrolls of remove curse
 D - a scroll of noise
 E - 2 scrolls of teleportation
 K - 3 scrolls of magic mapping {unknown}
 L - a scroll of enchant armour {unknown}
 M - a scroll of fear {unknown}
 Q - 2 scrolls of identify
Potions
 b - 2 potions of lignification
 l - 3 potions of flight
 m - 2 potions of stabbing
 q - a potion of magic
 s - 4 potions of curing
 t - 2 potions of heal wounds
 x - a potion of experience {unknown}
 C - a potion of cancellation {unknown}
 G - a potion of berserk rage {unknown}
 H - 2 potions of haste
 I - a potion of brilliance {unknown}
 R - a potion of might {unknown}
Comestibles
 c - 20 rations
 k - 3 chunks of flesh


   Skills:
 + Level 10.8 Fighting
 * Level 15.9 Axes
 - Level 2.4 Armour
 - Level 2.1 Dodging


You had 9 spell levels left.
You didn't know any spells.
Your spell library contained the following spells:

 Spells                   Type           Power        Failure   Level  Hunger
 Animate Skeleton         Necr           N/A          100%        1    ##.....
 Apportation              Tloc           #.....       100%        1    ##.....
 Corona                   Hex            #......      100%        1    ##.....
 Summon Butterflies       Summ           #.......     100%        1    ##.....
 Summon Small Mammal      Summ           #...         100%        1    ##.....
 Ensorcelled Hibernation  Hex/Ice        #.....       100%        2    ###....
 Slow                     Hex            #.......     100%        2    ###....
 Confusing Touch          Hex            #.......     100%        3    ####...
 Dazzling Flash           Conj/Hex       #.....       100%        3    ####...
 Inner Flame              Hex/Fire       #.......     100%        3    ####...
 Lesser Beckoning         Tloc           #.........   100%        3    ####...
 Portal Projectile        Hex/Tloc       #.....       100%        3    ####...
 Tukima's Dance           Hex            #.......     100%        3    ####...
 Cause Fear               Hex            #.........   100%        4    #####..
 Leda's Liquefaction      Hex/Erth       #.........   100%        4    #####..
 Alistair's Intoxication  Tmut/Pois      #.......     100%        5    ######.
 Invisibility             Hex            #.......     100%        6    #######


Dungeon Overview and Level Annotations

Branches:
Dungeon (9/15)             Temple (0/1) D:4
   Lair: D:8-11         Orc: D:9-12

Altars:
Ashenzari
Gozag
Makhleb
Nemelex Xobeh
Qazlal
Ru
Sif Muna
Trog
Vehumet
Wu Jian
Xom
Yredelemnul

Annotations:
D:8 exclusion: ice statue


Innate Abilities, Weirdness & Mutations

You reflexively headbutt those who attack you in melee.
You have a pair of horns on your head.


Message History

Evoke which item? (* to show all) (? for menu, Esc to quit)
Aiming: Iceblast
Press: ? - help, Shift-Dir - straight line, f - two-headed ogre
Aim: a two-headed ogre, wielding a +0 dire flail and a +0 giant club (heavily wounded)
The mass of ice explodes!
The iceblast engulfs the two-headed ogre.
The two-headed ogre is heavily wounded.
You completely miss the two-headed ogre.
The two-headed ogre is heavily wounded.
The two-headed ogre hits you with a +0 dire flail!
* * * LOW HITPOINT WARNING * * *
The two-headed ogre hits you with a +0 giant club!
* * * LOW HITPOINT WARNING * * *
You see here a +0 club.
Things that are here:
a +0 halberd; a +0 plate armour; an orc skeleton You see here a +0 scale mail.
You fail to use your ability.
The two-headed ogre hits you with a +0 dire flail!
You die...

### #.. #.# #.#
#.#
###########.##
#..).@O).....#
#.#########..##.#
# #........#
##.#####..#
#.#####..# .#
#........# ..
#.#####..# ##
#..#####.## .
#..........


You could see a two-headed ogre.

Vanquished Creatures
  A hydra (D:8)
  3 two-headed ogres (D:8)
  Psyche (D:8)
  Maggie (D:7)
  A hippogriff (D:7)
  A wyvern (D:8)
  A basilisk (D:8)
  2 ice beasts
  2 orc warriors
  A black bear (D:6)
  A phantom (D:4)
  A necrophage (D:8)
  A centaur (D:6)
  3 ogres
  2 bullfrogs
  A scorpion (D:8)
  A water moccasin skeleton (D:4)
  A killer bee (D:8)
  A howler monkey (D:7)
  5 wights
  4 crimson imps
  A bullfrog zombie (D:5)
  6 hounds
  An orc priest (D:9)
  5 jellies
  Crazy Yiuf (D:7)
  An orc wizard (D:9)
  A centaur skeleton (D:8)
  5 worker ants
  2 hound zombies
  A worker ant zombie (D:8)
  A howler monkey zombie (D:8)
  A gnoll (D:8)
  A howler monkey skeleton (D:6)
  16 adders
  2 shadow imps
  5 oozes (D:8)
  An adder skeleton (D:5)
  2 adder zombies
  6 worms
  2 dart slugs (D:2)
  4 leopard geckos
  13 orcs
  3 ball pythons
  6 giant cockroaches
  12 goblins
  6 hobgoblins
  7 jackals
  8 quokkas
  6 bats
  7 frilled lizards
  6 kobolds
  A quokka skeleton (D:5)
  9 rats
184 creatures vanquished.

Vanquished Creatures (others)
  Erica (D:8)
1 creature vanquished.

Grand Total: 185 creatures vanquished

Notes
Turn   | Place    | Note
-------+----------+-------------------------------------------
     0 | D:1      | zhorgal the Minotaur Berserker began the quest for the Orb.
     0 | D:1      | Reached XP level 1. HP: 19/19 MP: 0/0
   124 | D:1      | Reached skill level 4 in Axes
   245 | D:1      | Reached XP level 2. HP: 26/26 MP: 1/1
  1141 | D:2      | Reached skill level 5 in Axes
  1205 | D:2      | Reached XP level 3. HP: 31/31 MP: 2/2
  1713 | D:2      | Found a sacrificial altar of Ru.
  1718 | D:2      | Reached ** piety under Trog
  1802 | D:2      | Reached skill level 6 in Axes
  1802 | D:2      | Reached XP level 4. HP: 31/39 MP: 3/3
  1929 | D:2      | Found an ornate altar of the Wu Jian Council.
  2734 | D:3      | Reached skill level 7 in Axes
  2734 | D:3      | Reached XP level 5. HP: 40/45 MP: 4/4
  3134 | D:3      | Found an opulent altar of Gozag.
  3514 | D:4      | Reached skill level 8 in Axes
  3514 | D:4      | Reached XP level 6. HP: 42/51 MP: 5/5
  3714 | D:4      | Reached skill level 9 in Axes
  3955 | D:4      | Found a bloodstained altar of Trog.
  4045 | D:4      | Found a staircase to the Ecumenical Temple.
  4145 | D:5      | Entered Level 5 of the Dungeon
  4171 | D:5      | Found a sparkling altar of Nemelex Xobeh.
  4196 | D:5      | Reached *** piety under Trog
  4477 | D:6      | Reached XP level 7. HP: 55/59 MP: 6/6
  4536 | D:6      | Found a shimmering altar of Xom.
  5100 | D:5      | Reached skill level 10 in Axes
  5111 | D:5      | Found a shimmering blue altar of Sif Muna.
  5439 | D:5      | Reached skill level 5 in Fighting
  5643 | D:5      | Found a burning altar of Makhleb.
  5643 | D:5      | Found a radiant altar of Vehumet.
  5969 | D:6      | Found a stormy altar of Qazlal.
  6014 | D:6      | Reached XP level 8. HP: 69/69 MP: 7/7
  6324 | D:6      | Reached skill level 11 in Axes
  6645 | D:7      | Noticed a hippogriff
  6658 | D:7      | Killed a hippogriff
  6756 | D:7      | Reached skill level 12 in Axes
  6891 | D:7      | Noticed Maggie
  6923 | D:7      | Killed Maggie
  6923 | D:7      | Reached XP level 9. HP: 17/79 MP: 8/8
  7196 | D:7      | Found a basalt altar of Yredelemnul.
  7266 | D:7      | Found a runed translucent door.
  7267 | D:7      | Noticed Crazy Yiuf
  7274 | D:7      | Killed Crazy Yiuf
  7322 | D:8      | Reached **** piety under Trog
  7522 | D:8      | Noticed a two-headed ogre
  7535 | D:8      | Killed a two-headed ogre
  7535 | D:8      | Reached skill level 13 in Axes
  8108 | D:8      | Noticed Erica
  8124 | D:8      | Killed Erica
  8124 | D:8      | Reached skill level 14 in Axes
  8272 | D:8      | Found a shattered altar of Ashenzari.
  8410 | D:8      | Noticed a two-headed ogre
  8439 | D:8      | Killed a two-headed ogre
  8439 | D:8      | Reached XP level 10. HP: 78/92 MP: 9/9
  8673 | D:8      | Noticed an ice statue
  8764 | D:8      | Reached skill level 10 in Fighting
  8798 | D:8      | Noticed a six-headed hydra
  8955 | D:8      | Noticed a two-headed ogre
  8977 | D:8      | Reached skill level 15 in Axes
  9023 | D:8      | Killed a two-headed ogre
  9296 | D:8      | Noticed Psyche
  9328 | D:8      | Killed Psyche
  9517 | D:8      | Killed a six-headed hydra
  9944 | D:9      | Noticed a two-headed ogre
  9952 | D:9      | HP: 3/94 [two-headed ogre/+0 dire flail (13)]
  9956 | D:9      | Mangled by a two-headed ogre

Illustrated notes

Levels and vault maps discovered:
D:1:      dpeg_arrival_boxorama, layout_basic
D:2:      layout_loops_corners, lemuel_round_altar,
          lemuel_coloured_pillars_altar
D:3:      layout_basic, nicolae_gozag_cash_rules_everything_around_me
D:4:      layout_rooms, lightli_temple_of_fire, minmay_temple_entry_junction_2,
          first_ration
D:5:      layout_basic, grunt_temple_overflow_lords_of_destruction,
          lemuel_round_altar, lemuel_doored_altar
D:6:      layout_basic, kennysheep_little_box, nicolae_overflow_hidden_temple
D:7:      layout_cave_pools, yredelemnul_altar_generic, uniq_maggie,
          uniq_crazy_yiuf_cottage
D:8:      layout_loops_ring, kennysheep_mini, serial_glass, glass_columns_a,
          glass_columns_c, hangedman_little_slice_of_home, nzn_random_ring,
          uniq_psyche, uniq_erica
D:9:      layout_loops_ring, kennysheep_vampire_church,
          minmay_guarded_unrand_variability

Skill      XL: |  1  2  3  4  5  6  7  8  9 10 |
---------------+-------------------------------+-----
Axes           | 4 5 6 7 8 9 10 12 14 15 | 15.9
Fighting       | 4 5 7 9 10 | 10.8
Armour         | |  2.4
Dodging        | |  2.1

Action                   |  1- 3 |  4- 6 |  7- 9 | 10-12 || total
-------------------------+-------+-------+-------+-------++-------
Melee: Hand axe          |    95 |   190 |   320 |   100 ||   705
       Headbutt          |    12 |    41 |    72 |    18 ||   143
Invok: Berserk           |       |       |     5 |       ||     5
       Trog's Hand       |       |       |     2 |       ||     2
Evoke: Wand              |       |       |     1 |     8 ||     9
  Use: Scroll            |       |     6 |       |     4 ||    10
  Eat: Chunk             |     3 |     8 |    17 |     6 ||    34
Armor: Plate armour      |    52 |   114 |   139 |    51 ||   356
       Animal skin       |     3 |       |       |       ||     3
Dodge: Dodged            |    41 |    60 |    75 |    27 ||   203
